 Dungeon Crawl Stone Soup version 0.25-a0-528-g6b7c99946c (webtiles) character file.

Game seed: 15438929788790770544, levelgen mode: classic

773 EnegeticOcto the Chopper (level 7, -4/66 HPs)
             Began as a Deep Dwarf Fighter on Feb 19, 2020.
             Was an Initiate of Makhleb.
             Slain by a two-headed ogre
             ... wielding a +0 giant club
              (25 damage)
             ... on level 5 of the Dungeon.
             The game lasted 00:01:11 (1645 turns).

EnegeticOcto the Chopper (Deep Dwarf Fighter)       Turns: 1645, Time: 00:01:11

Health: -4/66      AC:  7    Str: 21    XL:     7   Next: 53%
Magic:  6/6        EV:  9    Int:  9    God:    Makhleb [......]
Gold:   155        SH: 10    Dex: 12    Spells: 6/6 levels left

rFire    . . .     SeeInvis .   a - +0 war axe
rCold    . . .     Gourm    .   c - +0 kite shield
rNeg     . . .     Faith    .   b - +0 scale mail
rPois    .         Spirit   .   (no helmet)
rElec    .         Reflect  .   (no cloak)
rCorr    .         Harm     .   (no gloves)
MR       +....                  (no boots)
Stlth    ..........             (no amulet)
HPRegen  0.00/turn              (no ring)
MPRegen  0.10/turn              (no ring)

@: non-regenerating
A: damage resistance, heal wounds, sense surroundings 1, no regeneration
a: Heal Wounds, Renounce Religion


You were on level 5 of the Dungeon.
You worshipped Makhleb.
Makhleb was noncommittal.
You were not hungry.

You visited 2 branches of the dungeon, and saw 6 of its levels.

You collected 155 gold pieces.

Inventory:

Hand Weapons
 a - a +0 war axe (weapon)
Armour
 b - a +0 scale mail (worn)
 c - a +0 kite shield (worn)
Scrolls
 g - 2 scrolls of magic mapping {unknown}
 j - a scroll of amnesia {unknown}
 l - a scroll of remove curse {unknown}
 m - a scroll of identify {unknown}
 p - a scroll of enchant weapon {unknown}
 r - a scroll of fog {unknown}
Potions
 d - a potion of brilliance {unknown}
 f - a potion of magic {unknown}
 h - a potion of resistance {unknown}
 k - a potion of might {@q3}
 n - a potion of stabbing {unknown}
 o - a potion of berserk rage {unknown}
 q - a potion of haste {unknown}
Comestibles
 e - 2 rations
 i - 6 chunks of flesh


   Skills:
 * Level 4.8 Fighting
 * Level 5.3 Axes
 + Level 4.6 Armour
 + Level 3.1 Dodging
 + Level 4.7 Shields
 * Level 1.0 Invocations


You had 6 spell levels left.
You didn't know any spells.
Your spell library was empty.

Dungeon Overview and Level Annotations

Branches:
Dungeon (5/15)             Temple (1/1) D:5

Altars:
Ashenzari
Cheibriados
Dithmenos
Elyvilon
Fedhas
Hepliaklqana
Makhleb
Okawaru
Qazlal
Ru
Sif Muna
Trog
Uskayaw
Wu Jian


Innate Abilities, Weirdness & Mutations

You are resistant to damage.
You can heal yourself by infusing magical energy.
You passively map a small area around you.
You do not regenerate.


Message History

A two-headed ogre is nearby!
A two-headed ogre is nearby!
A two-headed ogre is nearby!
A two-headed ogre is nearby!
Found a shiny ring mail.
You block the two-headed ogre's attack.
The two-headed ogre hits you with a +0 giant club!!
You hit the two-headed ogre but do no damage.
The two-headed ogre hits you with a +0 giant club!!
* * * LOW HITPOINT WARNING * * *
The two-headed ogre barely misses you.
You are too injured to fight recklessly!
You are too injured to fight recklessly!
You are too injured to fight recklessly!
You are too injured to fight recklessly!
You are too injured to fight recklessly!
You are too injured to fight recklessly!
You are too injured to fight recklessly!
You are too injured to fight recklessly!
You are too injured to fight recklessly!
You are too injured to fight recklessly!
Your magical essence is drained by the effort!
You feel much better. You block the two-headed ogre's attack.
The two-headed ogre hits you with a +0 giant club.
You feel much better. The two-headed ogre misses you.
You block the two-headed ogre's attack.
You hit the two-headed ogre.
The two-headed ogre is lightly wounded.
The two-headed ogre hits you with a +0 giant club!
The two-headed ogre barely misses you.
You hit the two-headed ogre.
The two-headed ogre is lightly wounded.
The two-headed ogre hits you with a +0 giant club!! x2
* * * LOW HITPOINT WARNING * * *
You are too injured to fight recklessly!
You are too injured to fight recklessly!
You are too injured to fight recklessly!
You are too injured to fight recklessly!
You are too injured to fight recklessly!
You are too injured to fight recklessly!
You are too injured to fight recklessly!
You are too injured to fight recklessly!
You feel much better.
You feel much better.
The two-headed ogre hits you with a +0 giant club!
The two-headed ogre completely misses you.
You feel much better. You block the two-headed ogre's attack.
The two-headed ogre hits you with a +0 giant club!
You hit the two-headed ogre.
The two-headed ogre is lightly wounded.
The two-headed ogre barely misses you.
The two-headed ogre hits you with a +0 giant club!
You are too injured to fight recklessly!
You are too injured to fight recklessly!
You are too injured to fight recklessly!
You are too injured to fight recklessly!
You are too injured to fight recklessly!
You are too injured to fight recklessly!
You are too injured to fight recklessly!
You are too injured to fight recklessly!
You feel much better.
The two-headed ogre hits you with a +0 giant club!
The two-headed ogre closely misses you.
You feel much better.
You block the two-headed ogre's attack. x2
You hit the two-headed ogre.
The two-headed ogre is lightly wounded.
The two-headed ogre hits you with a +0 giant club. x2
You slash the two-headed ogre!
The two-headed ogre is moderately wounded.
The two-headed ogre hits you with a +0 giant club! x2
You hit the two-headed ogre but do no damage.
The two-headed ogre is moderately wounded.
You block the two-headed ogre's attack. x2
You slash the two-headed ogre!
The two-headed ogre is heavily wounded.
The two-headed ogre hits you with a +0 giant club.
The two-headed ogre barely misses you.
You hit the two-headed ogre.
The two-headed ogre is severely wounded.
You hit the two-headed ogre.
The two-headed ogre is severely wounded.
The two-headed ogre barely misses you. You block the two-headed ogre's attack.
You completely miss the two-headed ogre.
The two-headed ogre is severely wounded.
The two-headed ogre hits you with a +0 giant club.
You block the two-headed ogre's attack.
You slash the two-headed ogre!
The two-headed ogre is almost dead.
The two-headed ogre hits you with a +0 giant club!!
* * * LOW HITPOINT WARNING * * *
The two-headed ogre hits you with a +0 giant club!
* * * LOW HITPOINT WARNING * * *
You are too injured to fight recklessly!
You are too injured to fight recklessly!
You are too injured to fight recklessly!
You are too injured to fight recklessly!
You are too injured to fight recklessly!
You feel much better.
The two-headed ogre hits you with a +0 giant club!!
You die...

#..##.## #.##. ,.......
.. #.####.##. * ...[...
* , #....... .......,
.....##.... ..........,
....# *###..
,.....,..###...# ##.. ,
.[. ...##.#.#####...
#####O###..............
#.....@.........###....
#......................
#......................
#..............###.....
#........##....#####...
##############....###..
####.##### * #..# * *
##.###


You could see a two-headed ogre.

Vanquished Creatures
  An ice beast (D:4)
  2 sky beasts
  2 ogres (D:5)
  A bullfrog (D:3)
  A crimson imp (D:5)
  A hound (D:4)
  An orc priest (D:4)
  An orc wizard (D:4)
  A worker ant (D:5)
  A hound skeleton (D:4)
  5 adders
  A shadow imp (D:4)
  An ooze (D:5)
  An adder zombie (D:5)
  An adder skeleton (D:4)
  A dart slug (D:3)
  2 leopard geckos (D:4)
  3 orcs (D:4)
  2 bats
  5 giant cockroaches (D:4)
  A goblin (D:1)
  A hobgoblin (D:1)
  8 jackals
  A quokka (D:5)
  A frilled lizard (D:1)
  3 kobolds (D:1)
  A rat (D:2)
50 creatures vanquished.

Notes
Turn   | Place    | Note
-------+----------+-------------------------------------------
     0 | D:1      | EnegeticOcto the Deep Dwarf Fighter began the quest for the
                  | Orb.
     0 | D:1      | Reached XP level 1. HP: 20/20 MP: 1/1
    26 | D:1      | Reached XP level 2. HP: 27/27 MP: 2/2
   146 | D:3      | Noticed a bullfrog
   155 | D:3      | Reached XP level 3. HP: 26/34 MP: 3/3
   159 | D:3      | Killed a bullfrog
   159 | D:3      | Reached skill level 3 in Axes
   159 | D:3      | Reached skill level 1 in Dodging
   159 | D:3      | Reached XP level 4. HP: 19/42 MP: 4/4
   233 | D:4      | Reached XP level 5. HP: 43/49 MP: 5/5
   250 | D:4      | Found a shadowy altar of Dithmenos.
   529 | D:4      | Noticed an ice beast
   533 | D:4      | Noticed a sky beast
   536 | D:4      | Reached skill level 4 in Axes
   538 | D:4      | Killed an ice beast
   538 | D:4      | Reached XP level 6. HP: 39/57 MP: 6/6
   580 | D:4      | Killed a sky beast
  1206 | D:5      | Entered Level 5 of the Dungeon
  1279 | D:5      | Noticed a sky beast
  1290 | D:5      | Killed a sky beast
  1290 | D:5      | Reached XP level 7. HP: 34/66 MP: 7/7
  1348 | D:5      | Reached skill level 5 in Axes
  1369 | D:5      | Found a staircase to the Ecumenical Temple.
  1377 | Temple   | Entered the Ecumenical Temple
  1484 | Temple   | Became a worshipper of Makhleb the Destroyer
  1575 | D:5      | Reached skill level 1 in Invocations
  1622 | D:5      | Noticed a two-headed ogre
  1644 | D:5      | HP: 3/66 [two-headed ogre/+0 giant club (11)]
  1645 | D:5      | Slain by a two-headed ogre

Levels and vault maps discovered:
D:1:      minmay_arrival_semitransparent, layout_loops_ring, minmay_pentomino_o4
D:2:      layout_basic, first_ration, uniq_crazy_yiuf_cottage
D:3:      layout_basic, minmay_statues_item, grunt_qazlal_clouds
D:4:      layout_basic, gup_sewer_entry_pipe, serial_park_tiny_2,
          nicolae_dithmenos_the_darkroom
D:5:      layout_rooms, minmay_temple_entry_sparse_star, st_stairs_11
Temple:   dpeg_five_rooms_temple

Skill      XL: |  1  2  3  4  5  6  7 |
---------------+----------------------+-----
Fighting       | 3 4 |  4.8
Axes           | 3 4 5 |  5.3
Dodging        | 1 2 3 |  3.1
Shields        | 4 |  4.7
Armour         | 4 |  4.6
Invocations    | 1 |  1.0

Action                   |  1- 3 |  4- 6 |  7- 9 || total
-------------------------+-------+-------+-------++-------
Melee: War axe           |    56 |   154 |    56 ||   266
 Abil: Heal Wounds       |       |     3 |    12 ||    15
  Eat: Chunk             |       |     2 |     1 ||     3
Armor: Scale mail        |    52 |    83 |    12 ||   147
Dodge: Dodged            |    49 |    65 |    17 ||   131
Block: Kite shield       |    43 |    79 |    33 ||   155

Table legend:
 A = Non-vault XP
 B = Vault XP
 C = Vault XP percentage of total XP
 D = Non-vault monster count
 E = Vault monster count
 F = Vault count percentage of total count
                 A         B        C        D         E       F
            +---------+---------+-------+---------+---------+-------
      Total |    1089 |      16 |   1.4 |      43 |       7 |  14.0
            +---------+---------+-------+---------+---------+-------
        D:1 |      17 |       0 |   0.0 |      10 |       0 |   0.0
        D:2 |      18 |       0 |   0.0 |       4 |       0 |   0.0
        D:3 |     115 |       0 |   0.0 |       7 |       0 |   0.0
        D:4 |     442 |      16 |   3.5 |      12 |       7 |  36.8
        D:5 |     497 |       0 |   0.0 |      10 |       0 |   0.0
            +---------+---------+-------+---------+---------+-------
